 Dungeon Crawl Stone Soup version 0.30-a0-808-g6e0788376e (webtiles) character file.

Game seed: 14795149435228551308

163 cforsyth the Sneak (level 5, 0/32 HPs)
             Began as a Kobold Brigand on Feb 26, 2023.
             Slain by an orc
             ... wielding a +0 dagger
              (3 damage)
             ... on level 3 of the Dungeon.
             The game lasted 00:02:29 (2013 turns).

cforsyth the Sneak (Kobold Brigand)                 Turns: 2013, Time: 00:02:30

Health: 0/32       AC:  4    Str:  8    XL:     5   Next: 72%
Magic:  5/5        EV: 15    Int: 13    God:
Gold:   147        SH:  0    Dex: 18    Spells: 4/4 levels left

rFire   . . .      SeeInvis .    g - +1 short sword (drain)
rCold   . . .      Faith    .    (no shield)
rNeg    . . .      Spirit   .    b - +0 robe
rPois   .          Reflect  .    r - +0 helmet
rElec   .          Harm     .    c - +0 cloak
rCorr   .          Rampage  .    (no gloves)
Will    +....                    (no boots)
Stlth   +++++                    (no amulet)
HPRegen 0.25/turn                o - ring of willpower
MPRegen 0.09/turn                (no ring)

@: brilliant
A: small, no large weapons, nightstalker 3
a: no special abilities


You were on level 3 of the Dungeon.
You visited 1 branch of the dungeon, and saw 3 of its levels.

You collected 147 gold pieces.

Inventory:

Hand Weapons
 a - a +2 dagger
 g - a +1 short sword of draining (weapon)
Missiles
 d - 9 poisoned darts (quivered)
 e - 3 curare-tipped darts
 t - 2 throwing nets
Armour
 b - a +0 robe (worn)
 c - a +0 cloak (worn)
 r - a +0 helmet (worn)
Jewellery
 o - a ring of willpower (left hand)
 q - a +6 ring of strength
 v - a ring of flight
Scrolls
 f - a scroll of magic mapping {unknown}
 m - a scroll of teleportation {unknown}
 n - 2 scrolls of identify {unknown}
Potions
 h - a potion of might {unknown}
 i - a potion of ambrosia {unknown}
 k - 2 potions of heal wounds {unknown}
 l - a potion of haste {unknown}
 p - a potion of cancellation {unknown}
 s - a potion of flight {unknown}
 u - 2 potions of attraction {unknown}


   Skills:
 + Level 3.5 Fighting
 + Level 4.2 Short Blades
 - Level 2.1 Throwing
 + Level 3.1 Dodging
 + Level 6.5 Stealth


You had 4 spell levels left.
You didn't know any spells.
Your spell library contained the following spells:

 Spells                   Type           Power      Damage    Failure   Level
 Summon Forest            Summ/Tloc      0%         N/A       100%        5
 Eringya's Noxious Bog    Tmut/Pois      0%         N/A       100%        6
 Summon Hydra             Summ           0%         N/A       100%        7


Dungeon Overview and Level Annotations

Branches:
Dungeon (3/15)

Altars:


Innate Abilities, Weirdness & Mutations

You are small and have problems with some larger weapons.
You are completely attuned to the shadows.


Message History

The orc barely misses you.
You hit the orc.
You kill the orc!
The orc barely misses you. The orc hits you but does no damage.
Things that are here:
a +0 dagger; a +0 leather armour You barely miss the orc.
The orc closely misses you. The orc barely misses you. The orc misses you.
You barely miss the orc. The orc closely misses you. The orc barely misses you.
The orc hits you with a +0 dagger.
You hit the orc.
The orc is lightly wounded.
The orc hits you with a +0 mace. The orc barely misses you.
The orc hits you with a +0 dagger.
You hit the orc. You drain the orc.
The orc is almost dead.
The orc completely misses you. The orc hits you with a +0 war axe!
The orc hits you with a +0 dagger.
You are too injured to fight recklessly!
You are too injured to fight recklessly!
You are too injured to fight recklessly!
You are too injured to fight recklessly!
You hit the orc. You drain the orc.
You kill the orc!
The orc closely misses you.
Things that are here:
a +0 mace; an orc corpse You barely miss the orc.
The orc hits you with a +0 war axe!
* * * LOW HITPOINT WARNING * * *
You hit the orc but do no damage. You drain the orc.
The orc is heavily wounded.
The orc hits you with a +0 war axe.
* * * LOW HITPOINT WARNING * * *
You hit the orc.
You kill the orc!
Unknown command.
It was a potion of brilliance.
You feel clever all of a sudden. The orc closely misses you.
The orc hits you with a +0 dagger.
You die...

###### #### #....#
.... #....###########
....###....#....).....
....o@o!...#..........
....###....#..........
.... .................
....##.....#.†........
.... #.#.#.#...<......
#...#.####...####
..##.##.....#
.......#.## #..#.##.#


You could see 2 orcs.

Vanquished Creatures
  An orc wizard (D:3)
  3 gnolls (D:3)
  4 adders
  A worm (D:2)
  2 dart slugs
  7 orcs (D:3)
  2 endoplasms
  2 giant cockroaches (D:1)
  6 goblins
  7 hobgoblins
  5 kobolds
  3 quokkas
  5 ball pythons
  4 bats
  3 frilled lizards
  2 rats (D:2)
57 creatures vanquished.

Notes
Turn   | Place    | Note
-------+----------+-------------------------------------------
     0 | D:1      | cforsyth the Kobold Brigand began the quest for the Orb.
     0 | D:1      | Reached XP level 1. HP: 12/12 MP: 1/1
    54 | D:1      | Reached XP level 2. HP: 6/18 MP: 2/2
   763 | D:1      | Reached XP level 3. HP: 22/22 MP: 3/3
  1307 | D:2      | Reached XP level 4. HP: 27/27 MP: 4/4
  1322 | D:2      | Reached skill level 6 in Stealth
  1795 | D:3      | Reached XP level 5. HP: 26/32 MP: 5/5
  2013 | D:3      | Slain by an orc

Illustrated notes

Levels and vault maps discovered:
D:1:      dpeg_arrival_arbitrary_b, layout_basic, minmay_pentomino_w2
D:2:      layout_basic
D:3:      layout_rooms, due_unseen_surprise

Skill      XL: |  1  2  3  4  5 |
---------------+----------------+-----
Short Blades   | 3 4 |  4.2
Dodging        | 2 3 |  3.1
Stealth        | 6 |  6.5
Fighting       | 3 |  3.5
Throwing       | |  2.1

Action                     |  1- 3 |  4- 6 || total
---------------------------+-------+-------++-------
  Melee: Dagger            |    33 |       ||    33
         Punch             |     1 |       ||     1
         Short sword       |    29 |    67 ||    96
    Use: Potion            |       |     1 ||     1
   Stab: Sleeping          |    21 |     7 ||    28
         Distracted        |     1 |       ||     1
 Armour: Robe              |     9 |     9 ||    18
  Dodge: Dodged            |    22 |    57 ||    79

Table legend: (Time is in decaauts)
 A = Elapsed time spent in this place.
 B = Non-inter-level travel time spent in this place.
 C = Inter-level travel time spent in this place.
 D = Time resting spent in this place.
 E = Time spent auto-exploring this place.
 F = Levels seen in this place.
 G = Mean time per level.
                   A        B        C        D        E       F      G
               +--------+--------+--------+--------+--------+-----+--------+
         Total |   1989 |   1929 |     60 |      0 |   1590 |   3 |  663.0 |
       Dungeon |   1989 |   1929 |     60 |      0 |   1590 |   3 |  663.0 |
               +--------+--------+--------+--------+--------+-----+--------+

Top non-repeatable levels by time:
     D:1: 923 daAuts
     D:2: 715 daAuts
     D:3: 350 daAuts
